 Dungeon Crawl Stone Soup version 0.28.0-1-gb440e238dd (webtiles) character file.

Game seed: 7737552179514835862

9100 mcwallace the Fighter (level 11, -1/89 HPs)
             Began as a Barachi Ice Elementalist on Feb 22, 2022.
             Was a Believer of Cheibriados.
             Slain by a freezing wraith (17 damage)
             ... on level 9 of the Dungeon.
             The game lasted 00:32:30 (10992 turns).

mcwallace the Fighter (Barachi Ice Elementalist)   Turns: 10992, Time: 00:32:31

Health: -1/89      AC: 19    Str: 17    XL:     11   Next: 41%
Magic:  14/23      EV: 15    Int: 28    God:    Cheibriados [**....]
Gold:   935        SH:  5    Dex: 16    Spells: 15/26 levels left

rFire   + . .      SeeInvis +   N - +3 falchion of Foolhardiness {elec, rPois rN+ Str+3 Int+4, long}
rCold   . . .      Faith    .   A - +0 buckler
rNeg    + . .      Spirit   .   F - +3 ring mail
rPois   +          Reflect  .   S - +0 helmet {SInv}
rElec   .          Harm     .   (no cloak)
rCorr   .          Rampage  .   f - +0 pair of gloves
Will    .....                   R - +1 pair of boots {Fly}
Stlth   +.........              q - amulet of the acrobat
HPRegen 0.24/turn               c - ring of protection from fire
MPRegen 0.18/turn               (no ring)

@: ice-armoured (expiring), freezing walls, flying, very slow
A: amphibious, slowness 1, strong legs 1, +LOS
a: Hop, Renounce Religion, Bend Time


You were on level 9 of the Dungeon.
You worshipped Cheibriados.
Cheibriados was pleased with you.
You visited 2 branches of the dungeon, and saw 10 of its levels.
You also visited: Bailey.

You collected 935 gold pieces.


Innate Abilities, Weirdness & Mutations

You are amphibious.
You cover ground slowly.
You can hop short distances.
You have an extended range of vision and can be seen from far away.


   Skills:
 + Level 9.4 Fighting
 - Level 4.0 Armour
 + Level 9.1 Dodging
 - Level 1.7 Stealth
 - Level 4.0 Shields
 + Level 8.2 Spellcasting
 + Level 5.8 Conjurations
 - Level 8.4 Ice Magic
 + Level 4.8 Invocations


You had 15 spell levels left.
You knew the following spells:

 Your Spells              Type           Power      Damage    Failure   Level
a - Freeze                Ice            100%       1d11      1%          1
b - Frozen Ramparts       Ice            100%       1d12      1%          3
c - Ozocubu's Armour      Ice            56%        N/A       1%          3
d - Hailstorm             Conj/Ice       51%        3d11      6%          4

Your spell library contained the following spells:

 Spells                   Type           Power      Damage    Failure   Level
 Stone Arrow              Conj/Erth      54%        3d10      10%         3
 Sandblast                Erth           22%        2d7       11%         1
 Passwall                 Tmut/Erth      9%         N/A       17%         2

Inventory:

Hand Weapons
 M - a +3 hand axe {axe}
   (You took it off an orc in a bailey)
 N - the +3 falchion of Foolhardiness (weapon) {elec, rPois rN+ Str+3 Int+4, long}
   (You took it off a kobold in a bailey)

   It occasionally discharges a powerful burst of electricity upon striking a
   foe.
   Str:       It affects your strength (+3).
   Int:       It affects your intelligence (+4).
   rPois:     It protects you from poison.
   rN:        It protects you from negative energy.
 P - a +3 rapier of holy wrath {short}
   (You took it off a kobold in a bailey)
Missiles
 b - 239 stones {throwing}
 l - 2 throwing nets {=f!fthrowing}
 p - 38 bolts
 s - 56 arrows
 x - 69 sling bullets
 G - 5 curare-tipped darts {=fthrowing}
 L - 27 boomerangs {throwing}
 W - 17 poisoned darts {throwing}
Armour
 a - a +0 troll leather armour
   (You found it on level 9 of the Dungeon)
 f - a +0 pair of gloves (worn)
   (You found it on level 1 of the Dungeon)
 u - a +0 chain mail of cold resistance
   (You took it off an orc warrior on level 8 of the Dungeon)
 A - a +0 buckler (worn)
   (You found it on level 4 of the Dungeon)
 F - a +3 ring mail (worn)
   (You took it off a gnoll sergeant on level 6 of the Dungeon)
 R - a +1 pair of boots of flying (worn)
   (You found it in a bailey)
 S - a +0 helmet of see invisible (worn)
   (You found it in a bailey)
Magical Staves
 m - a staff of conjuration {!a@e2staff}
   (You found it on level 2 of the Dungeon)
Jewellery
 c - a ring of protection from fire (left hand)
   (You found it on level 1 of the Dungeon)
 q - an amulet of the acrobat (around neck)
   (You found it on level 3 of the Dungeon)
 Q - a ring of flight
   (You took it off an orc warrior in a bailey)
Wands
 J - a wand of acid (3)
   (You found it on level 7 of the Dungeon)
 K - a wand of flame (22)
   (You found it on level 7 of the Dungeon)
 U - a wand of mindburst (32)
   (You found it on level 8 of the Dungeon)
 Z - a wand of polymorph (3)
   (You found it on level 9 of the Dungeon)
Scrolls
 d - a scroll of magic mapping {!r}
 g - 3 scrolls of immolation {!r!r}
 j - 2 scrolls of fog
 k - a scroll of amnesia {unknown}
 o - 2 scrolls of holy word
 r - 4 scrolls of teleportation {@r4}
 H - a scroll of enchant armour {unknown}
 I - a scroll of silence {unknown}
 T - a scroll of brand weapon {unknown}
 Y - a scroll of torment {unknown}
Potions
 e - a potion of berserk rage {unknown}
 i - a potion of magic
 n - a potion of might
 t - a potion of curing {@q1}
 v - a potion of haste {unknown}
 z - a potion of mutation {unknown}
 C - a potion of ambrosia {unknown}
 O - 2 potions of flight
 V - a potion of degeneration {unknown}
 X - a potion of heal wounds {unknown}

Dungeon Overview and Level Annotations

Branches:
Dungeon (9/15)             Temple (1/1) D:6            Lair (0/6) D:8
 Bailey (visited)
    Orc: D:9-12

Altars:
Cheibriados
Dithmenos
Elyvilon
Fedhas
Gozag
Hepliaklqana
Kikubaaqudgha
Makhleb
Nemelex Xobeh
Okawaru
Qazlal
Ru
Sif Muna
Trog
Uskayaw
Vehumet
Wu Jian
Xom
Yredelemnul
Zin
The Shining One

Annotations:
D:3 2 transporters, Barbarella's ghost, amateur TrHu

#..#
#...............#..
#..#
#♣♣♣.........♣♣♣#..
#..## ♣♣♣♣♣.♣♣♣♣♣ #..
#..##.#
#######♣.♣#######..
#..# #..
#...............#..
#..#
$.##.♣♣♣♣♣...♣♣♣♣♣.#..
#..# ))( ♣.♣.♣ #.. #..#
#W♣♣♣♣♣...♣♣♣♣♣.#..
#..#
#.@.............#..
#..#
#######♣.♣#######..
#..# ♣♣....♣.♣....♣♣#..
#..#
#♣.≈≈≈≈≈≈≈≈≈≈≈.♣#..
#..##
#.≈≈≈≈≈≈≈≈≈≈≈≈≈.#..
#...#
#♣.≈≈≈≈≈≈≈≈≈≈≈.♣#..
#...#
#####♣♣....♣.♣....♣♣#..
#..##
#...########.########..
#..#
#......................


You could see a freezing wraith.


Message History

The wall freezes the vampire mosquito.
The cyclops shouts!
The wall freezes the vampire mosquito.
The freezing wraith completely resists.
The wall freezes the freezing wraith but does no damage.
You block the freezing wraith's attack. The freezing wraith closely misses you.
The wall freezes the howler monkey.
The wall freezes the vampire mosquito.
You destroy the vampire mosquito!
Cheibriados thoroughly appreciates the change of pace. 😮 HP[+1]
The frozen ramparts melt away.
The freezing wraith misses you.
The freezing wraith completely misses you. 😮 MP[+1]
Casting: Frozen Ramparts (safe; 1% risk of failure)
Confirm with . or Enter, or press ? or * to list all spells.
Casting: Frozen Ramparts (safe; 1% risk of failure)
Press: ? - help, Dir - look around, f - activate The walls around you are covered in ice.
The freezing wraith completely resists.
The wall freezes the freezing wraith but does no damage.
The freezing wraith closely misses you. The freezing wraith misses you.
The wall freezes the howler monkey!
The wall freezes the cyclops. 😮 MP[-3]
You lost 3 mp, and now have 15/23 mp.
The freezing wraith completely resists.
The wall freezes the freezing wraith but does no damage.
The freezing wraith completely misses you.
You block the freezing wraith's attack.
The wall freezes the howler monkey!
You kill the howler monkey!
Cheibriados thoroughly appreciates the change of pace.
The freezing wraith completely resists.
The wall freezes the freezing wraith but does no damage.
You block the freezing wraith's attack. The freezing wraith closely misses you.
The wall freezes the cyclops. 😮 HP[+1]
The freezing wraith completely resists.
The wall freezes the freezing wraith but does no damage.
The freezing wraith completely misses you. x2
The wall freezes the cyclops.
The freezing wraith completely resists.
The wall freezes the freezing wraith but does no damage.
The freezing wraith completely misses you. x2 😮 MP[+1]
The freezing wraith completely resists.
The wall freezes the freezing wraith but does no damage.
The freezing wraith misses you. x2; The wall freezes the cyclops!
The freezing wraith completely resists.
The wall freezes the freezing wraith but does no damage.
You block the freezing wraith's attack. The freezing wraith closely misses you.
The wall freezes the cyclops! 😮 HP[+1]
The freezing wraith completely resists.
The wall freezes the freezing wraith but does no damage.
The freezing wraith hits you but does no damage.
The freezing wraith hits you.
The wall freezes the cyclops! 😮 HP[-3]
You take 3 damage, and now have 46/89 hp.
The freezing wraith completely resists.
The wall freezes the freezing wraith but does no damage.
You block the freezing wraith's attack.
The freezing wraith completely misses you.
Your icy armour starts to melt.
The frozen ramparts melt away.
The freezing wraith misses you. You block the freezing wraith's attack.
Casting: Frozen Ramparts (safe; 1% risk of failure)
Confirm with . or Enter, or press ? or * to list all spells.
Casting: Frozen Ramparts (safe; 1% risk of failure)
Press: ? - help, Dir - look around, f - activate The walls around you are covered in ice.
The freezing wraith completely resists.
The wall freezes the freezing wraith but does no damage.
You block the freezing wraith's attack. The freezing wraith hits you.
* * * LOW HITPOINT WARNING * * *
The wall freezes the cyclops!
You kill the cyclops!
Cheibriados appreciates the change of pace. 😨 HP[-5] MP[-2]
You take 5 damage, and now have 41/89 hp.
You lost 2 mp, and now have 14/23 mp.
You hit the freezing wraith but do no damage.
The freezing wraith completely resists.
The wall freezes the freezing wraith but does no damage.
The freezing wraith hits you.
* * * LOW HITPOINT WARNING * * *
The freezing wraith freezes you!!
* * * LOW HITPOINT WARNING * * *
The freezing wraith completely misses you.
The freezing wraith completely resists.
The wall freezes the freezing wraith but does no damage.
The freezing wraith hits you but does no damage.
The freezing wraith misses you. 😱 HP[-24]
You take 24 damage, and now have 17/89 hp.
MASSIVE DAMAGE!! (PAUSE) Unknown command.
You feel better.
The freezing wraith completely resists.
The wall freezes the freezing wraith but does no damage.
The freezing wraith hits you!
* * * LOW HITPOINT WARNING * * *
The freezing wraith freezes you!
You die...

Skill      XL: |  1  2  3  4  5  6  7  8  9 10 11 |
---------------+----------------------------------+-----
Ice Magic      | 5 6 7 8 |  8.4
Fighting       | 1 2 3 4 5 7 8 9 |  9.4
Armour         | 1 2 3 4 |  4.0
Dodging        | 3 4 5 7 8 9 |  9.1
Spellcasting   | 3 4 5 6 7 8 |  8.2
Shields        | 1 3 4 |  4.0
Conjurations   | 2 4 5 |  5.8
Invocations    | 1 4 |  4.8
Stealth        | |  1.7

Action                   |  1- 3 |  4- 6 |  7- 9 | 10-12 || total
-------------------------+-------+-------+-------+-------++-------
Melee: Unarmed           |     5 |       |       |       ||     5
       Dagger            |     1 |    57 |   187 |       ||   245
       Rapier            |    11 |    35 |       |       ||    46
       Punch             |     1 |     1 |     1 |       ||     3
       Falchion          |       |       |    54 |    52 ||   106
       Hand axe          |       |       |     2 |       ||     2
 Cast: Freeze            |    39 |    10 |    16 |       ||    65
       Frozen Ramparts   |     2 |    18 |    40 |    29 ||    89
       Ozocubu's Armour  |       |     3 |    10 |    10 ||    23
 Abil: Hop               |       |     1 |       |       ||     1
Evoke: Wand              |       |       |       |     1 ||     1
  Use: Scroll            |       |       |     1 |     8 ||     9
       Potion            |       |       |       |     1 ||     1
 Stab: Sleeping          |       |     2 |     2 |       ||     4
Armor: Robe              |     8 |    16 |    47 |       ||    71
       Ring mail         |       |       |    12 |    54 ||    66
Dodge: Dodged            |    42 |    47 |   160 |   167 ||   416
Block: Buckler           |       |       |    40 |    54 ||    94

Levels and vault maps discovered:
D:1:      heliophobic_arrival_glass_houses, layout_loops_ring,
          dreamdust_ecumenical_altar_grove
D:2:      layout_loops_ring, minmay_cut_off
D:3:      layout_rooms, mainiacjoe_overflow_concentric_impassable,
          nicolae_overflow_hidden_temple, mainiacjoe_overflow_brackets,
          gammafunk_ghost_gnarly_gnolls
D:4:      layout_gridville, st_stairs_5, kennysheep_dice
D:5:      layout_basic, nicolae_ru_path_of_blood
D:6:      layout_cave_pools, zin_scriptorium,
          minmay_temple_entry_enclosed_plants, cheibrodos_sewer_entry_bend,
          corexii_hall_statues_x
D:7:      layout_rooms, enter_bailey_5, serial_park_tiny_2,
          nicolae_elevator_lobby_plus
D:8:      layout_cave_pods, dancing_weapons_uskayaw,
          mainiacjoe_overflow_surrounded_room, mainiacjoe_overflow_big_doors,
          gammafunk_temple_overflow_pools, dpeg_lair_monsters,
          nicolae_figureground_pulse
D:9:      nzn_winding_woodlands_three_and_one
          [nzn_winding_woodlands_5x15_default,
          nzn_winding_woodlands_5x15_concentric,
          nzn_winding_woodlands_5x15_river_crossing,
          nzn_winding_woodlands_center_pierced_h], layout_long_grid,
          old_standard_altar, mainiacjoe_overflow_small_starburst,
          minmay_misc_feat_ornament
Temple:   compressed_dpeg_triangle_lava_temple

Notes
Turn   | Place    | Note
-------+----------+-------------------------------------------
     0 | D:1      | mcwallace the Barachi Ice Elementalist began the quest for
                  | the Orb.
     0 | D:1      | Reached XP level 1. HP: 13/13 MP: 3/3
     0 | D:1      | magus.rc [v1.9.6]
   334 | D:1      | Found a faded altar of an unknown god.
   460 | D:1      | Reached XP level 2. HP: 16/20 MP: 1/5
   587 | D:1      | Reached skill level 5 in Ice Magic
   736 | D:1      | Reached skill level 1 in Fighting
   744 | D:1      | Reached skill level 1 in Armour
  1235 | D:2      | Reached XP level 3. HP: 26/26 MP: 4/6
  1242 | D:2      | Learned a level 3 spell: Frozen Ramparts
  1868 | D:3      | Reached XP level 4. HP: 30/32 MP: 4/8
  1964 | D:3      | Found a bloodstained altar of Trog.
  2144 | D:3      | Noticed Barbarella's ghost (amateur TrHu)
  2164 | D:3      | Found a transporter.
  2222 | D:3      | Found a transporter.
  2254 | D:3      | Found a stormy altar of Qazlal.
  2544 | D:4      | Noticed a scorpion
  2548 | D:4      | Killed a scorpion
  2549 | D:4      | Reached skill level 2 in Fighting
  2549 | D:4      | Reached skill level 2 in Armour
  2549 | D:4      | Reached skill level 3 in Dodging
  2549 | D:4      | Reached skill level 3 in Spellcasting
  2549 | D:4      | Reached XP level 5. HP: 38/38 MP: 5/9
  2553 | D:4      | Learned a level 3 spell: Ozocubu's Armour
  2973 | D:4      | Reached XP level 6. HP: 23/46 MP: 6/11
  3095 | D:4      | Reached skill level 3 in Fighting
  3185 | D:4      | You pick up a book of Geomancy and begin reading...
  3185 | D:4      | You add the spells Sandblast, Passwall and Stone Arrow to
                  | your library.
  3249 | D:4      | Reached skill level 3 in Armour
  3355 | D:4      | Reached skill level 6 in Ice Magic
  3691 | D:4      | Noticed a necrophage
  3713 | D:4      | Killed a necrophage
  3714 | D:4      | Reached skill level 4 in Dodging
  3714 | D:4      | Reached XP level 7. HP: 48/53 MP: 3/12
  4191 | D:5      | Entered Level 5 of the Dungeon
  4213 | D:5      | Reached skill level 4 in Spellcasting
  4409 | D:5      | Reached skill level 4 in Fighting
  4652 | D:5      | Reached skill level 4 in Armour
  4652 | D:5      | Reached skill level 1 in Shields
  5161 | D:5      | Reached XP level 8. HP: 60/61 MP: 7/14
  5338 | D:5      | Reached skill level 2 in Shields
  5614 | D:5      | Found a sacrificial altar of Ru.
  5757 | D:6      | Reached skill level 7 in Ice Magic
  5775 | D:6      | Reached skill level 5 in Dodging
  5788 | D:6      | Reached skill level 5 in Fighting
  6193 | D:6      | Found a glowing silver altar of Zin.
  6248 | D:6      | Found a staircase to the Ecumenical Temple.
  6254 | Temple   | Entered the Ecumenical Temple
  6711 | D:7      | Reached skill level 3 in Shields
  6711 | D:7      | Reached skill level 5 in Spellcasting
  6831 | D:7      | Found a flagged portal.
  6879 | Bailey   | Entered a bailey
  6979 | Bailey   | Noticed an orc knight
  7013 | Bailey   | Reached XP level 9. HP: 52/69 MP: 10/17
  7052 | Bailey   | Identified the +3 falchion of Foolhardiness {elec, rPois
                  | rN+ Str+3 Int+4}
  7174 | Bailey   | Killed an orc knight
  7175 | Bailey   | Reached skill level 6 in Fighting
  7175 | Bailey   | Reached skill level 6 in Dodging
  7175 | Bailey   | Reached skill level 4 in Shields
  7175 | Bailey   | Reached skill level 8 in Ice Magic
  7382 | Bailey   | Reached skill level 6 in Spellcasting
  7964 | D:7      | Reached skill level 1 in Conjurations
  8180 | D:7      | Reached skill level 7 in Fighting
  8180 | D:7      | Reached skill level 7 in Dodging
  8180 | D:7      | Reached skill level 1 in Invocations
  8369 | D:8      | Reached skill level 2 in Conjurations
  8376 | D:8      | Reached XP level 10. HP: 57/78 MP: 10/19
  8434 | D:8      | Reached skill level 2 in Invocations
  8606 | D:8      | Noticed a +0 dagger
  8606 | D:8      | Noticed a +0 dagger
  8607 | D:8      | Found a hide-covered altar of Uskayaw.
  8732 | D:8      | Noticed a death yak
  8732 | D:8      | Noticed a death yak
  8732 | D:8      | Noticed a death yak
  9021 | D:8      | Reached skill level 3 in Conjurations
  9150 | D:8      | Found a staircase to the Lair.
  9179 | D:8      | Killed a death yak
  9180 | D:8      | Reached skill level 7 in Spellcasting
  9194 | D:8      | Killed a death yak
  9194 | D:8      | Killed a death yak
  9195 | D:8      | Reached skill level 8 in Fighting
  9195 | D:8      | Reached skill level 8 in Dodging
  9195 | D:8      | Reached skill level 4 in Conjurations
  9195 | D:8      | Reached skill level 3 in Invocations
  9355 | D:8      | Found a snail-covered altar of Cheibriados.
  9434 | D:8      | Became a worshipper of Cheibriados the Contemplative
  9475 | D:8      | Found a radiant altar of Vehumet.
  9475 | D:8      | Found a shadowy altar of Dithmenos.
  9555 | D:8      | Found a glowing golden altar of the Shining One.
  9560 | D:8      | Found a hazy altar of Hepliaklqana.
  9758 | D:9      | Found an ancient bone altar of Kikubaaqudgha.
  9951 | D:9      | Found a shimmering blue altar of Sif Muna.
  9966 | D:9      | Reached * piety under Cheibriados
 10060 | D:9      | Reached skill level 4 in Invocations
 10061 | D:9      | Reached XP level 11. HP: 87/87 MP: 17/22
 10209 | D:9      | Reached skill level 5 in Conjurations
 10214 | D:9      | Learned a level 4 spell: Hailstorm
 10955 | D:9      | Reached skill level 9 in Fighting
 10956 | D:9      | Noticed a cyan ugly thing
 10956 | D:9      | Noticed a centaur warrior
 10969 | D:9      | Killed a cyan ugly thing
 10970 | D:9      | Reached skill level 8 in Spellcasting
 10972 | D:9      | Killed a centaur warrior
 10972 | D:9      | Reached ** piety under Cheibriados
 10973 | D:9      | Reached skill level 9 in Dodging
 10977 | D:9      | Noticed a cyclops
 10990 | D:9      | Killed a cyclops
 10991 | D:9      | HP: 17/89 [freezing wraith (22)]
 10992 | D:9      | Slain by a freezing wraith

Vanquished Creatures
  A centaur warrior (D:9)
  3 death yaks (D:8)
  An orc knight (Bailey)
  An ugly thing (D:9)
  A cyclops (D:9)
  A troll (D:9)
  A slime creature (D:9)
  A hornet (D:9)
  A vampire mosquito (D:9)
  2 water moccasins
  10 orc warriors
  A sky beast (D:7)
  A hornet zombie (D:7)
  A necrophage (D:4)
  An ogre (D:7)
  A centaur (D:9)
  5 kobold brigands
  A phantom (D:4)
  5 bullfrogs
  2 gnoll sergeants
  4 scorpions
  A water moccasin skeleton (D:5)
  12 killer bees (D:9)
  An electric eel (D:9)
  3 wights (D:8)
  4 howler monkeys
  4 centaur zombies
  2 bullfrog skeletons
  2 hounds
  6 orc priests
  4 gnoll shamans
  2 iguanas (D:6)
  11 orc wizards
  A scorpion zombie (D:5)
  2 hell rats (D:8)
  A killer bee zombie (D:5)
  A hound skeleton (D:5)
  2 howler monkey zombies
  20 gnolls
  4 adders
  A howler monkey skeleton (D:4)
  A river rat (D:8)
  A white imp (D:5)
  2 worms
  A dart slug (D:4)
  18 orcs
  8 ball pythons
  5 endoplasms
  4 giant cockroaches
  11 goblins
  8 hobgoblins
  30 kobolds
  7 quokkas
  4 bats
  4 frilled lizards
  7 rats
240 creatures vanquished.

Vanquished Creatures (others)
  2 fungi (D:1)
  10 plants
12 creatures vanquished.

Grand Total: 252 creatures vanquished

Table legend:
 A = Non-vault XP
 B = Vault XP
 C = Vault XP percentage of total XP
 D = Non-vault monster count
 E = Vault monster count
 F = Vault count percentage of total count
                 A         B        C        D         E       F
            +---------+---------+-------+---------+---------+-------
      Total |    5650 |    7350 |  56.5 |     176 |      64 |  26.7
            +---------+---------+-------+---------+---------+-------
        D:1 |      29 |       0 |   0.0 |      18 |       0 |   0.0
        D:2 |      21 |      20 |  48.8 |      12 |       4 |  25.0
        D:3 |      25 |       0 |   0.0 |      10 |       0 |   0.0
        D:4 |     541 |     142 |  20.8 |      23 |       4 |  14.8
        D:5 |     595 |       0 |   0.0 |      21 |       0 |   0.0
        D:6 |     504 |       5 |   1.0 |      20 |       1 |   4.8
        D:7 |     779 |       7 |   0.9 |      12 |       4 |  25.0
        D:8 |    1306 |    2476 |  65.5 |      37 |      11 |  22.9
        D:9 |    1850 |    3246 |  63.7 |      23 |      16 |  41.0
     Bailey |       0 |    1454 | 100.0 |       0 |      24 | 100.0
            +---------+---------+-------+---------+---------+-------

Illustrated notes

Table legend:
 A = Kills in this place as a percentage of kills in entire the game.
 B = Kills by you in this place as a percentage of kills by you in the entire game.
 C = Kills by friends in this place as a percentage of kills by friends in the entire game.
 D = Other kills in this place as a percentage of other kills in the entire game.
 E = Experience gained in this place as a percentage of experience gained in the entire game.
 F = Experience gained in this place divided by the number of levels of this place that you have seen.
                   A       B       C       D       E      F
               +-------+-------+-------+-------+-------+----------------------
         Total | 100.0 | 100.0 |   N/A |   N/A | 100.0 | 1181.8
       Dungeon |  90.0 |  90.0 |   N/A |   N/A |  88.8 | 1282.9
        Bailey |  10.0 |  10.0 |   N/A |   N/A |  11.2 | 1454.0
               +-------+-------+-------+-------+-------+----------------------

Table legend: (Time is in decaauts)
 A = Elapsed time spent in this place.
 B = Non-inter-level travel time spent in this place.
 C = Inter-level travel time spent in this place.
 D = Time resting spent in this place.
 E = Time spent auto-exploring this place.
 F = Levels seen in this place.
 G = Mean time per level.
                   A        B        C        D        E       F      G
               +--------+--------+--------+--------+--------+-----+--------+
         Total |  12609 |  11901 |    708 |    738 |   7951 |  11 | 1146.3 |
       Dungeon |  11661 |  10953 |    708 |    463 |   7768 |   9 | 1295.7 |
        Temple |    106 |    106 |      0 |      0 |      0 |   1 |  106.0 |
        Bailey |    841 |    841 |      0 |    275 |    183 |   1 |  841.0 |
               +--------+--------+--------+--------+--------+-----+--------+

Top non-repeatable levels by time:
     D:4: 1880 daAuts
     D:8: 1789 daAuts
     D:9: 1713 daAuts
     D:5: 1616 daAuts
     D:1: 1263 daAuts
     D:6: 1003 daAuts
     D:7: 897 daAuts
  Bailey: 841 daAuts
     D:2: 766 daAuts
     D:3: 731 daAuts
  Temple: 106 daAuts
